 Dungeon Crawl Stone Soup version 0.31-a0-867-g9b2fd80f0c (webtiles) character file.

Game seed: 13493163966086596123

1177 Bnni the Vexing (level 8, 0/54 HPs)
             Began as a Formicid Hexslinger on Oct 11, 2023.
             Was a Follower of Hepliaklqana.
             Slain by IkaDoka's ghost (2 damage)
             ... on level 5 of the Dungeon.
             The game lasted 00:14:06 (4941 turns).

Bnni the Vexing (Formicid Hexslinger)               Turns: 4941, Time: 00:14:07

Health: 0/54       AC:  2    Str: 13    XL:     8   Next: 69%
Magic:  5/13       EV: 22    Int: 13    God:    Hepliaklqana [*.....]
Gold:   218        SH:  0    Dex: 18    Spells: 2/14 levels left

rFire   + . .        a - +1 sling
rCold   + . .        (no shield)
rNeg    . . .        c - +0 robe
rPois   .            (helmet unavailable)
rElec   .            s - scarf {rC+ rF+}
rCorr   .            (no gloves)
SInv    +            (no boots)
Will    .....        (no amulet)
Stlth   ++           n - +5 ring of evasion
HPRegen 0.29/turn    w - +5 ring of evasion
MPRegen 0.13/turn

%: no passive effects
@: weak-willed, jinxed
A: reduced essence, permanent stasis, dig shafts and tunnels, antennae 3, four
strong arms
a: Dig, Shaft Self, Renounce Religion, Recall Ancestor, Ancestor Identity


You were on level 5 of the Dungeon.
You worshipped Hepliaklqana.
Hepliaklqana was aware of your devotion.
You visited 1 branch of the dungeon, and saw 5 of its levels.
You also visited: Sewer.

You collected 298 gold pieces.
You spent 80 gold pieces at shops.

Inventory:

Hand Weapons
 a - a +1 sling (weapon)
Missiles
 j - 32 poisoned darts
Armour
 c - a +0 robe (worn)
 s - a scarf of resistance (worn)
Jewellery
 n - a +5 ring of evasion (left hand)
 q - an amulet of guardian spirit
 w - a +5 ring of evasion (right hand)
Scrolls
 b - 2 scrolls of poison
 f - a scroll of enchant armour
 g - 2 scrolls of fear
 h - 3 scrolls of teleportation {unknown}
 o - a scroll of acquirement
 t - a scroll of immolation
 u - 2 scrolls of brand weapon
 v - a scroll of identify
Potions
 d - 2 potions of haste {unknown}
 e - 2 potions of heal wounds
 i - a potion of magic {unknown}
 k - a potion of brilliance {unknown}
 l - a potion of curing
 m - a potion of cancellation {unknown}
 p - a potion of might {unknown}
 r - a potion of invisibility {unknown}


   Skills:
 + Level 4.2 Fighting
 * Level 5.8 Ranged Weapons
 - Level 1.7 Dodging
 + Level 3.8 Spellcasting
 * Level 7.6 Hexes
 - Level 1.0 Fire Magic
 + Level 1.8 Invocations


You had 2 spell levels left.
You knew the following spells:

 Your Spells              Type           Power      Damage    Failure   Level
a - Jinxbite              Hex            44%        N/A       1%          2
b - Inner Flame           Hex/Fire       13%        N/A       11%         3
d - Cause Fear            Hex            11%        N/A       10%         4
o - Sigil of Binding      Hex            22%        N/A       2%          3

Your spell library contained the following spells:

 Spells                   Type           Power      Damage    Failure   Level
 Dimensional Bullseye     Hex/Tloc       6%         N/A       41%         4


Dungeon Overview and Level Annotations

Branches:
Dungeon (5/15)             Temple (0/1) D:5           Sewer (visited)

Altars:
Ashenzari
Dithmenos
Hepliaklqana
Qazlal
Sif Muna
Xom
Zin

Shops:
D:2 !

Annotations:
D:5 IkaDoka's ghost, novice OpFE


Innate Abilities, Weirdness & Mutations

Your life essence is reduced to manifest your ancestor. (-10% HP)
You cannot be hasted, slowed, berserked, paralysed or teleported.
You can dig through walls and to a lower floor.
You have a pair of large antennae on your head. (SInv)
Your four strong arms can wield two-handed weapons with a shield.


Message History

Casting: Jinxbite (safe; 1% risk of failure)
Confirm with . or Enter, or press ? or * to list all spells.
You beckon some vexing sprites to accompany your attacks.
You feel your willpower being sapped.
IkaDoka's ghost seems less drained.
IkaDoka's ghost barely misses you.
Unknown command.
You shoot a sling bullet.
The sling bullet barely misses IkaDoka's ghost.
IkaDoka's ghost stares at you. IkaDoka's ghost completely misses you.
Unknown command.
You shoot a sling bullet.
The sling bullet hits IkaDoka's ghost but does no damage.
IkaDoka's ghost is heavily damaged.
IkaDoka's ghost casts a spell at you. The stone arrow hits you!!
Unknown command.
You shoot a sling bullet. The sling bullet hits IkaDoka's ghost.
IkaDoka's ghost is severely damaged.
IkaDoka's ghost barely misses you.
Unknown command.
You shoot a sling bullet.
The sling bullet barely misses IkaDoka's ghost.
IkaDoka's ghost hits you.
Unknown command.
You are too injured to fight recklessly!
Unknown command.
You are too injured to fight recklessly!
Fire: a) +1 sling
Press: ? - help, Shift-Dir - straight line, f/p - IkaDoka's ghost
Aim: IkaDoka's ghost, wielding a weapon of speed (heavily damaged, chance to call a sprite on attack: 26%, 51% to hit)
You shoot a sling bullet. The sling bullet hits IkaDoka's ghost.
IkaDoka's ghost is severely damaged.
A giggling sprite leaps out and doodles on IkaDoka's ghost's face.
IkaDoka's ghost is severely damaged.
IkaDoka's ghost casts a spell at you. The stone arrow hits you!!
* * * LOW HITPOINT WARNING * * *
IkaDoka's ghost hits you.
You die...

##..##....###
#.............#
#..####.....##
##...##..)....## ...#
#......# #....####......###
..##
#.########...####..........
.##
###.....#....###....###....
.# #.#$~~~~'.........###
#..## ##
##.#....?#.......### #..#
#### #..#######.W....##
#..# ...###....#####.@...##
#..# .................>.##
#..## .##................#
#...# #####..###.........#
#.... # #..#######....##
##... ##..### ###..# #...
##..)..#### #..### ##..
#...#.....###....#### #..
#..#####............## ##.


You could see IkaDoka's ghost (drained).

Vanquished Creatures
  Grinder (D:3)
  Duvessa (D:4)
  An ogre (D:4)
  4 kobold brigands (Sewer)
  A phantom (D:3)
  Dowan (D:4)
  2 hounds
  A jelly (D:5)
  A sleepcap (D:5)
  An iguana (D:5)
  An orc wizard (D:3)
  4 gnolls
  3 adders
  4 river rats (Sewer)
  An ufetubus (D:4)
  6 worms
  2 dart slugs (D:1)
  9 orcs
  10 endoplasms
  A giant cockroach (D:2)
  8 goblins
  5 hobgoblins
  3 jackals (D:1)
  17 kobolds
  6 quokkas
  9 ball pythons
  2 bats (D:1)
  4 frilled lizards
  8 rats
117 creatures vanquished.

Vanquished Creatures (collateral kills)
  An orc (D:5)
1 creature vanquished.

Vanquished Creatures (others)
  An ancestor (D:5)
1 creature vanquished.

Grand Total: 119 creatures vanquished

Notes
Turn   | Place    | Note
-------+----------+-------------------------------------------
     0 | D:1      | Bnni the Formicid Hexslinger began the quest for the Orb.
     0 | D:1      | Reached XP level 1. HP: 15/15 MP: 2/2
    52 | D:1      | Reached XP level 2. HP: 21/21 MP: 3/3
    57 | D:1      | Learned a level 2 spell: Jinxbite
    86 | D:1      | Reached skill level 4 in Hexes
   149 | D:1      | Reached XP level 3. HP: 26/26 MP: 5/5
   598 | D:1      | Learned a level 3 spell: Inner Flame
   658 | D:2      | Found Tism's Distillery.
   677 | D:2      | Bought a potion of heal wounds for 50 gold pieces
   677 | D:2      | Bought a potion of curing for 30 gold pieces
   706 | D:2      | Reached XP level 4. HP: 33/33 MP: 6/6
   947 | D:2      | Identified a scroll of acquirement
  1216 | D:3      | Found a glowing drain.
  1220 | Sewer    | Entered a sewer
  1236 | Sewer    | Noticed a kobold brigand
  1250 | Sewer    | Killed a kobold brigand
  1251 | Sewer    | Reached skill level 5 in Hexes
  1251 | Sewer    | Reached XP level 5. HP: 35/39 MP: 5/8
  1456 | Sewer    | Noticed a kobold brigand
  1474 | Sewer    | Killed a kobold brigand
  1475 | Sewer    | Reached XP level 6. HP: 34/46 MP: 6/9
  1746 | Sewer    | Reached skill level 6 in Hexes
  1746 | Sewer    | Reached XP level 7. HP: 25/52 MP: 7/11
  2611 | D:3      | Noticed Grinder
  2629 | D:3      | Killed Grinder
  2630 | D:3      | Reached skill level 5 in Ranged Weapons
  2630 | D:3      | Reached XP level 8. HP: 53/59 MP: 8/12
  2635 | D:3      | Learned a level 4 spell: Cause Fear
  2639 | D:3      | Learned a level 3 spell: Sigil of Binding
  2831 | D:4      | Found a glowing silver altar of Zin.
  2831 | D:4      | Found a shimmering altar of Xom.
  2831 | D:4      | Found a hazy altar of Hepliaklqana.
  2832 | D:4      | Found a shimmering blue altar of Sif Muna.
  2832 | D:4      | Found a broken altar of Ashenzari.
  2833 | D:4      | Found a shadowy altar of Dithmenos.
  2840 | D:4      | Became a worshipper of Hepliaklqana the Forgotten
  2874 | D:4      | Found a stormy altar of Qazlal.
  2934 | D:4      | Noticed Duvessa
  2941 | D:4      | Killed Duvessa
  2942 | D:4      | Reached skill level 7 in Hexes
  3058 | D:4      | Reached skill level 1 in Invocations
  3208 | D:4      | Noticed Dowan
  3214 | D:4      | Killed Dowan
  3710 | D:5      | Entered Level 5 of the Dungeon
  4040 | D:5      | Reached * piety under Hepliaklqana
  4045 | D:5      | Found a staircase to the Ecumenical Temple.
  4202 | D:5      | Found a runed translucent door.
  4918 | D:5      | Noticed IkaDoka's ghost (novice OpFE)
  4941 | D:5      | HP: 2/54 [IkaDoka's ghost/stone arrow (21)]
  4941 | D:5      | Slain by IkaDoka's ghost

Illustrated notes

Levels and vault maps discovered:
D:1:      spicycebolla_green_bress_n_ham, layout_basic, minmay_tromino_v4_a
D:2:      layout_rooms, serial_shops, shop
D:3:      layout_basic, gup_sewer_entry_spiral, minmay_door_square,
          guppyfry_early_orc_mine, uniq_grinder
D:4:      layout_loops_ring, mainiacjoe_overflow_concentric_impassable,
          grunt_temple_overflow_open, uniq_duvessa
D:5:      layout_layer_cave, minmay_temple_entry_arrows,
          ebering_ghost_reflecting_pool

Skill      XL: |  1  2  3  4  5  6  7  8 |
---------------+-------------------------+-----
Hexes          | 4 5 6 7 |  7.6
Ranged Weapons | 3 4 5 |  5.8
Fighting       | 2 3 4 |  4.2
Spellcasting   | 2 3 |  3.8
Invocations    | 1 |  1.8
Dodging        | |  1.7
Fire Magic     | |  1.0

Action                     |  1- 3 |  4- 6 |  7- 9 || total
---------------------------+-------+-------+-------++-------
   Fire: Sling             |    97 |   162 |   198 ||   457
  Throw: Dart              |       |       |     6 ||     6
   Cast: Jinxbite          |     1 |     7 |     9 ||    17
         Inner Flame       |       |       |     8 ||     8
         Cause Fear        |       |       |     2 ||     2
 Invoke: Ancestor Identity |       |       |     1 ||     1
    Use: Scroll            |       |     5 |     3 ||     8
 Armour: Robe              |    12 |    20 |    28 ||    60
  Dodge: Dodged            |    23 |    62 |    87 ||   172

Table legend: (Time is in decaauts)
 A = Elapsed time spent in this place.
 B = Non-inter-level travel time spent in this place.
 C = Inter-level travel time spent in this place.
 D = Time resting spent in this place.
 E = Time spent auto-exploring this place.
 F = Levels seen in this place.
 G = Mean time per level.
                   A        B        C        D        E       F      G
               +--------+--------+--------+--------+--------+-----+--------+
         Total |   5197 |   5025 |    172 |    102 |   3849 |   6 |  866.2 |
       Dungeon |   4229 |   4057 |    172 |    102 |   3190 |   5 |  845.8 |
         Sewer |    967 |    967 |      0 |      0 |    659 |   1 |  967.0 |
               +--------+--------+--------+--------+--------+-----+--------+

Top non-repeatable levels by time:
     D:5: 1237 daAuts
     D:3: 1122 daAuts
   Sewer: 967 daAuts
     D:4: 884 daAuts
     D:1: 651 daAuts
     D:2: 333 daAuts
